 Dungeon Crawl Stone Soup version 0.26-a0-665-gefeb406119 (webtiles) character file.

Game seed: 2785392420762203403

7597 jasper the Covert (level 11, -1/58 HPs)
             Began as a Vine Stalker Brigand on Oct 15, 2020.
             Was a Priest of Uskayaw.
             Slain by an unseen horror (7 damage)
             ... on level 8 of the Dungeon.
             The game lasted 00:15:13 (7301 turns).

jasper the Covert (Vine Stalker Brigand)            Turns: 7301, Time: 00:15:14

Health: -1/58      AC: 10    Str: 14    XL:     11   Next: 17%
Magic:  0/16       EV:  9    Int: 11    God:    Uskayaw [***...]
Gold:   286        SH:  0    Dex: 19    Spells: 10/10 levels left

rFire    x . .     SeeInvis .   C - +1 rapier (elec)
rCold    + . .     Faith    .   (no shield)
rNeg     . . .     Spirit   +   r - +0 scale mail
rPois    .         Reflect  .   y - +0 helmet
rElec    .         Harm     .   c - +0 cloak
rCorr    .         Rampage  .   (no gloves)
MR       +....                  (no boots)
Stlth    ++++......             (no amulet)
HPRegen  0.59/turn              B - ring of flight
MPRegen  0.15/turn              D - ring of ice

@: about to teleport
A: fangs 3, regeneration 1, magic shield, antimagic bite, no potion heal 3, rot
immunity
a: Stomp, Line Pass, Renounce Religion, Evoke Flight


You were on level 8 of the Dungeon.
You worshipped Uskayaw.
Uskayaw was noncommittal.
You visited 2 branches of the dungeon, and saw 9 of its levels.

You collected 454 gold pieces.
You spent 168 gold pieces at shops.

Inventory:

Hand Weapons
 a - a +2 dagger
 d - a +0 scimitar of holy wrath
 l - a +0 hand axe
 n - a +2 dagger of speed
 C - a +1 rapier of electrocution (weapon)
 I - a +0 rapier
Missiles
 e - 44 poisoned darts (quivered)
 i - 231 stones
 A - a curare-tipped dart
Armour
 b - a +0 robe
 c - a +0 cloak (worn)
 h - a +0 ring mail
 r - a +0 scale mail (worn)
 y - a +0 helmet (worn)
Jewellery
 B - a ring of flight (left hand)
 D - a ring of ice (right hand)
 E - an uncursed ring of see invisible {unknown}
Wands
 m - a wand of flame (44)
 x - a wand of iceblast (4)
Scrolls
 f - 4 scrolls of teleportation
 g - 7 scrolls of remove curse {unknown}
 j - 4 scrolls of immolation {unknown}
 q - 5 scrolls of identify
 w - a scroll of blinking {unknown}
 z - a scroll of enchant weapon {unknown}
 H - a scroll of fog {unknown}
Potions
 k - 2 potions of degeneration {unknown}
 o - 3 potions of curing
 p - a potion of flight {unknown}
 s - 3 potions of mutation {unknown}
 t - 2 potions of haste {unknown}
 u - a potion of lignification {unknown}
 v - a potion of stabbing {unknown}
 G - a potion of invisibility {unknown}
 J - a potion of might {unknown}


   Skills:
 + Level 6.6 Fighting
 - Level 8.1 Short Blades
 - Level 1.7 Throwing
 + Level 5.7 Armour
 - Level 0.7 Dodging
 - Level 11.0 Stealth
 + Level 6.5 Invocations
 + Level 2.7 Evocations


You had 10 spell levels left.
You didn't know any spells.
Your spell library contained the following spells:

 Spells                   Type           Power        Failure   Level
 Shock                    Conj/Air       #...         78%         1
 Swiftness                Air            #.......     89%         2
 Static Discharge         Conj/Air       #.......     98%         3
 Airstrike                Air            #.........   100%        4
 Lightning Bolt           Conj/Air       #.........   100%        5


Dungeon Overview and Level Annotations

Branches:
Dungeon (8/15)             Temple (1/1) D:4
   Lair: D:8-11

Altars:
Dithmenos
Elyvilon
Gozag
Kikubaaqudgha
Nemelex Xobeh
Okawaru
Trog
Uskayaw
Xom

Shops:
D:4 *

Annotations:
D:2 Natasha


Innate Abilities, Weirdness & Mutations

You have razor-sharp teeth.
Your natural rate of healing is unusually fast.
When hurt, damage is shared between your health and your magic reserves.
Your bite disrupts and absorbs the magic of your enemies.
Potions cannot restore your health.
You are immune to rotting.


Message History

Press: ? - help, Shift-Dir - straight line, f/p - water moccasin
Aim: a water moccasin (moderately wounded, chance to defeat MR: 53%)
The water moccasin resists with significant effort.
The now-empty wand crumbles to dust.
The water moccasin barely misses you. x2
Evoke which item? (* to show all) (? for menu, Esc to quit)
You don't have any such object.
Evoke which item? (* to show all) (? for menu, Esc to quit)
Okay, then.
As you read the scroll labeled WEYLAK KUUMYSCH, it crumbles to dust.
It is a scroll of identify.
f - 5 scrolls of teleportation The water moccasin barely misses you.
As you read the scroll of teleportation, it crumbles to dust.
You feel strangely unstable.
The water moccasin bites you but does no damage.
The water moccasin bites you.
You now have 1/16 mp.
There is an open door, spattered with blood here.
Something hits you!
You die...

...##......###
........<....#
#............###
...............#####
#.##...............#
#..)...............#
...)..............####
.).).................##
................@.....#
###'###.....###'###...#
#..#..##...##.S#..# .#
..#.#..##.##..#†#..#
.#...#..###..##h##..#
#..#..#..#..##I~I##..#
..#.#..#.#.##.zz).##.#
.#...#..#'#...[#)...#'.
..#.#..#.#.##.|}[.##.#..


You could see a water moccasin.

Vanquished Creatures
  2 two-headed ogres (D:8)
  A fire crab (D:8)
  Joseph (D:7)
  A slime creature (D:8)
  Eustachio (D:4)
  A vampire mosquito (D:8)
  A sky beast (D:7)
  2 orc warriors (D:7)
  7 ogres
  A black bear (D:8)
  3 phantoms
  2 centaurs
  2 big kobolds (D:8)
  Blork the orc (D:4)
  7 bullfrogs
  6 scorpions
  16 killer bees
  8 wights
  3 howler monkeys (D:7)
  An electric eel (D:6)
  A bullfrog zombie (D:7)
  9 orc priests
  A bullfrog skeleton (D:6)
  A gnoll shaman (D:6)
  3 hounds
  13 orc wizards
  Jessica (D:2)
  6 worker ants
  Natasha (D:2)
  3 iguanas
  Robin (D:3)
  A worker ant zombie (D:7)
  3 gnolls (D:6)
  2 howler monkey zombies
  11 adders
  4 shadow imps
  3 white imps
  An ufetubus (D:6)
  An ooze (D:3)
  An adder zombie (D:1)
  5 worms
  3 dart slugs
  9 leopard geckos
  32 orcs
  A ball python (D:2)
  A bat zombie (D:1)
  3 giant cockroaches (D:2)
  17 goblins
  8 hobgoblins
  11 jackals
  5 quokkas
  11 bats
  4 frilled lizards
  17 kobolds
  A quokka zombie (D:5)
  9 rats
271 creatures vanquished.

Notes
Turn   | Place    | Note
-------+----------+-------------------------------------------
     0 | D:1      | jasper the Vine Stalker Brigand began the quest for the
                  | Orb.
     0 | D:1      | Reached XP level 1. HP: 11/11 MP: 2/2
    15 | D:1      | Reached skill level 5 in Stealth
    96 | D:1      | Reached XP level 2. HP: 13/15 MP: 3/3
   496 | D:1      | Reached skill level 6 in Stealth
   538 | D:1      | Reached XP level 3. HP: 17/18 MP: 4/4
  1186 | D:2      | Found a shimmering altar of Xom.
  1206 | D:2      | Reached skill level 7 in Stealth
  1206 | D:2      | Gained mutation: Your natural rate of healing is unusually
                  | fast. [Vine Stalker growth]
  1206 | D:2      | Reached XP level 4. HP: 23/23 MP: 5/5
  1315 | D:2      | Noticed Jessica
  1326 | D:2      | Killed Jessica
  1437 | D:2      | Noticed Natasha
  1444 | D:2      | Killed Natasha
  1444 | D:2      | Reached skill level 8 in Stealth
  1444 | D:2      | Reached XP level 5. HP: 22/26 MP: 6/6
  1507 | D:2      | Found a shadowy altar of Dithmenos.
  1745 | D:2      | Noticed Natasha
  2006 | D:3      | Noticed Robin
  2303 | D:3      | Killed Robin
  2421 | D:3      | Found an opulent altar of Gozag.
  2436 | D:3      | Reached skill level 9 in Stealth
  2436 | D:3      | Reached XP level 6. HP: 30/30 MP: 7/7
  2820 | D:4      | Noticed Blork the orc
  2842 | D:4      | Killed Blork the orc
  2842 | D:4      | Reached skill level 10 in Stealth
  2920 | D:4      | Noticed Eustachio
  2923 | D:4      | Killed Eustachio
  2923 | D:4      | Reached XP level 7. HP: 34/34 MP: 8/8
  2943 | D:4      | Reached skill level 11 in Stealth
  3419 | D:4      | Reached skill level 1 in Armour
  3462 | D:4      | Found a staircase to the Ecumenical Temple.
  3492 | Temple   | Entered the Ecumenical Temple
  3511 | Temple   | Became a worshipper of Uskayaw the Reveler
  3556 | D:4      | Found Luant's Assorted Antiques.
  3564 | D:4      | Bought a scroll labeled RUTEDIVAGA for 21 gold pieces
  3564 | D:4      | Bought a glowing rapier for 147 gold pieces
  3694 | D:5      | Entered Level 5 of the Dungeon
  3726 | D:5      | Gained mutation: You have razor-sharp teeth. [Vine Stalker
                  | growth]
  3726 | D:5      | Reached XP level 8. HP: 39/39 MP: 9/9
  3726 | D:5      | Reached * piety under Uskayaw
  3796 | D:5      | Reached ** piety under Uskayaw
  3803 | D:5      | Reached *** piety under Uskayaw
  3810 | D:5      | Reached **** piety under Uskayaw
  3913 | D:5      | Reached skill level 1 in Invocations
  4088 | D:5      | Found the +2 cloak of the Thief {*Fog Slay-2 SInv Stlth+}
  4242 | D:5      | Found a sparkling altar of Nemelex Xobeh.
  4621 | D:6      | Reached XP level 9. HP: 32/45 MP: 6/12
  4625 | D:6      | Reached skill level 5 in Short Blades
  4625 | D:6      | Reached ***** piety under Uskayaw
  5636 | D:7      | Noticed Joseph
  5662 | D:7      | Killed Joseph
  5917 | D:7      | Reached XP level 10. HP: 51/51 MP: 14/14
  5967 | D:7      | Reached skill level 5 in Fighting
  6140 | D:7      | Found a shimmering altar of Xom.
  6433 | D:7      | Reached skill level 5 in Invocations
  6668 | D:8      | Noticed a two-headed ogre
  6936 | D:8      | Noticed a two-headed ogre
  6950 | D:8      | Killed a two-headed ogre
  7053 | D:8      | Killed a two-headed ogre
  7053 | D:8      | Reached skill level 5 in Armour
  7053 | D:8      | Reached skill level 1 in Evocations
  7109 | D:8      | Reached XP level 11. HP: 32/56 MP: 9/16
  7271 | D:8      | Noticed a fire crab
  7280 | D:8      | Killed a fire crab
  7301 | D:8      | Slain by an unseen horror

Illustrated notes

Levels and vault maps discovered:
D:1:      saegor_arrival_fortress, layout_basic, st_stairs_4
D:2:      layout_loops_corners, lemuel_coloured_pillars_altar,
          grunt_dithmenos_smoke_and_mirrors, uniq_jessica, uniq_natasha
D:3:      layout_rooms, nicolae_gozag_seed_capital, uniq_robin
D:4:      layout_basic, minmay_temple_entry_glass, serial_shops,
          nicolae_shop_stone, uniq_eustachio, uniq_blork_the_orc
D:5:      layout_loops_ring, nemelex_diamond_rough_becter
D:6:      layout_cave_pods, minmay_door_square, kennysheep_opposing_triangles
D:7:      minmay_razor_zed, layout_gridville, david_defended_altar_elf,
          uniq_joseph
D:8:      minmay_the_grid_octo_2x2 [minmay_the_grid_octo_focus,
          minmay_the_grid_octo_77, minmay_the_grid_octo_thin_diamonds,
          minmay_the_grid_octo_prize_star], layout_cave_pools,
          kennysheep_minor_cross
Temple:   regret_index_temple_sigil_plot

Skill      XL: |  1  2  3  4  5  6  7  8  9 10 11 |
---------------+----------------------------------+-----
Stealth        | 5 6 7 8 9 10 11 | 11.0
Short Blades   | 3 4 6 8 |  8.1
Fighting       | 2 3 4 6 |  6.6
Armour         | 1 2 4 5 |  5.7
Invocations    | 2 4 6 |  6.5
Evocations     | 1 2 |  2.7
Throwing       | |  1.7
Dodging        | |  0.7

Action                   |  1- 3 |  4- 6 |  7- 9 | 10-12 || total
-------------------------+-------+-------+-------+-------++-------
Melee: Dagger            |    82 |   268 |    89 |       ||   439
       Bite              |    24 |    66 |   112 |    59 ||   261
       Rapier            |       |       |   224 |   190 ||   414
Throw: Dart              |    21 |    34 |    10 |    10 ||    75
Evoke: Wand              |       |     3 |     2 |    14 ||    19
  Use: Scroll            |       |       |       |     2 ||     2
       Potion            |       |       |       |     1 ||     1
 Stab: Sleeping          |     3 |     5 |     8 |     8 ||    24
       Paralysed         |       |       |    10 |    13 ||    23
       Distracted        |       |       |     1 |     1 ||     2
Armor: Robe              |    25 |     4 |       |       ||    29
       Scale mail        |       |    98 |    97 |    78 ||   273
Dodge: Dodged            |    36 |   128 |    90 |    88 ||   342

Table legend: (Time is in decaauts)
 A = Elapsed time spent in this place.
 B = Non-inter-level travel time spent in this place.
 C = Inter-level travel time spent in this place.
 D = Time resting spent in this place.
 E = Time spent auto-exploring this place.
 F = Levels seen in this place.
 G = Mean time per level.
                   A        B        C        D        E       F      G
               +--------+--------+--------+--------+--------+-----+--------+
         Total |   7109 |   6806 |    303 |    489 |   4670 |   9 |  789.9 |
       Dungeon |   7078 |   6786 |    292 |    489 |   4658 |   8 |  884.8 |
        Temple |     31 |     20 |     11 |      0 |     12 |   1 |   31.0 |
               +--------+--------+--------+--------+--------+-----+--------+

Top non-repeatable levels by time:
     D:7: 1471 daAuts
     D:2: 1082 daAuts
     D:6: 964 daAuts
     D:1: 955 daAuts
     D:4: 809 daAuts
     D:5: 670 daAuts
     D:3: 667 daAuts
     D:8: 456 daAuts
  Temple: 31 daAuts
